 Dungeon Crawl Stone Soup version 0.21.1-1-g345015f (webtiles) character file.

130 fleezle the Skirmisher (level 5, -15/46 HPs)
             Began as a Hill Orc Fighter on June 17, 2018.
             Was a Follower of Wu Jian.
             Demolished by an orc warrior
             ... wielding a +0 scimitar
              (22 damage)
             ... on level 3 of the Dungeon.
             The game lasted 00:14:47 (1970 turns).

fleezle the Skirmisher (Hill Orc Fighter)           Turns: 1970, Time: 00:14:48

Health: -15/46     AC:  9    Str: 20    XL:     5   Next: 14%
Magic:  14/14      EV:  5    Int: 13    God:    Wu Jian [*.....]
Gold:   67         SH:  0    Dex: 10    Spells: 4/4 levels left

rFire    + . .     SeeInvis .   a - +0 long sword
rCold    + . .     Gourm    .   c - +0 shield
rNeg     . . .     Faith    .   B - +0 chain mail
rPois    +         Spirit   .   (no helmet)
rElec    +         Reflect  .   (no cloak)
rCorr    +         Harm     .   (no gloves)
MR       .....                  (no boots)
Stlth    ..........             (no amulet)
HPRegen  0.15/turn              e - ring of magical power
MPRegen  0.14/turn              (no ring)

@: confused, brilliant, resistant, flying
A: no striking features
a: Renounce Religion


You were on level 3 of the Dungeon.
You worshipped Wu Jian.
Wu Jian was aware of your devotion.
You were not hungry.

You visited 1 branch of the dungeon, and saw 3 of its levels.

You collected 67 gold pieces.

Inventory:

Hand Weapons
 a - a +0 long sword (weapon)
 d - a +0 flail
 x - a +0 mace
Missiles
 l - 18 bolts
 p - 30 arrows
 z - 5 tomahawks (quivered)
Armour
 c - a +0 shield (worn)
 A - a +0 chain mail
 B - a +0 chain mail (worn)
Jewellery
 e - a ring of magical power (left hand)
Wands
 b - a wand of iceblast (7)
 u - a wand of flame (19)
Scrolls
 g - a scroll of identify
 i - 2 scrolls of remove curse
 m - a scroll of fog {unknown}
 n - a scroll of amnesia {unknown}
 t - a scroll of teleportation {unknown}
Potions
 o - 2 potions of degeneration
 q - a potion of ambrosia
 s - a potion of curing {unknown}
 C - a potion of mutation {unknown}
Comestibles
 f - 4 rations


   Skills:
 + Level 4.2 Fighting
 + Level 3.7 Long Blades
 + Level 4.0 Armour
 + Level 0.9 Dodging
 + Level 4.1 Shields


You had 4 spell levels left.
You didn't know any spells.

Dungeon Overview and Level Annotations

Branches:
Dungeon (3/15)

Altars:
Wu Jian


Message History

You block the orc warrior's attack.
It was a potion of ambrosia.
You are confused.
You feel invigorated. The orc hits you but does no damage. x2
The orc warrior hits you with a scimitar.
* * * LOW HITPOINT WARNING * * *
It was a potion of resistance.
You feel protected. The orc hits you with a short sword.
* * * LOW HITPOINT WARNING * * *
The orc hits you but does no damage.
It was a potion of flight.
You feel very buoyant.
You fly up into the air.
The orc warrior hits you with a scimitar!
* * * LOW HITPOINT WARNING * * *
The orc hits you but does no damage. x2
You bump into the rock wall.
The orc hits you but does no damage.
The orc warrior hits you with a scimitar!!
You die...

......##
#####..##..## #
..<....#
#...#..#...####.#
>......#
#.................
.......#
#...#..†..########
.......# #...#....##
...)...# #####...##
......## #..##
.....## #..# ####.#
#@.# #)# #...ooo#
#.## #.##..... #..#
#....... ##.......#
..........
#......##.#.......<.
#.(...## ...........
#........ #.........
#.....###


You could see an orc warrior and 2 orcs.

Vanquished Creatures
  An orc wizard (D:3)
  3 adders (D:2)
  An ooze (D:2)
  2 leopard geckos
  10 orcs (D:3)
  A ball python (D:2)
  4 giant cockroaches
  4 goblins
  3 hobgoblins
  10 jackals
  6 kobolds
  2 quokkas (D:3)
  5 bats
  5 frilled lizards
  14 rats
71 creatures vanquished.

Notes
Turn   | Place    | Note
-------+----------+-------------------------------------------
     0 | D:1      | fleezle the Hill Orc Fighter began the quest for the Orb.
     0 | D:1      | Reached XP level 1. HP: 19/19 MP: 1/1
   124 | D:1      | Reached XP level 2. HP: 10/27 MP: 2/2
   600 | D:2      | Reached XP level 3. HP: 30/33 MP: 3/3
   611 | D:2      | Found an ornate altar of the Wu Jian Council.
   914 | D:2      | Reached XP level 4. HP: 37/40 MP: 4/4
   987 | D:2      | Became a worshipper of the Wu Jian Council
  1629 | D:3      | Reached * piety under Wu Jian
  1635 | D:3      | Reached XP level 5. HP: 19/46 MP: 5/5
  1953 | D:3      | Noticed an orc warrior
  1969 | D:3      | HP: 2/46 [orc warrior/scimitar (13)]
  1970 | D:3      | Demolished by an orc warrior

Skill      XL: |  1  2  3  4  5 |
---------------+----------------+-----
Long Blades    | 3 |  3.7
Fighting       | 4 |  4.2
Shields        | 4 |  4.1
Armour         | 4 |  4.0
Dodging        | |  0.9

Action                   |  1- 3 |  4- 6 || total
-------------------------+-------+-------++-------
Melee: Long sword        |    90 |   121 ||   211
Invok: Lunge             |       |     3 ||     3
       Whirlwind         |       |     7 ||     7
  Use: Potion            |       |     5 ||     5
       Scroll            |       |     2 ||     2
  Eat: Ration            |       |     1 ||     1
Armor: Scale mail        |    68 |    46 ||   114
       Chain mail        |       |    40 ||    40
Dodge: Dodged            |    38 |    31 ||    69
Block: Shield            |    61 |    74 ||   135
       Rpst.: Long sword |    10 |     9 ||    19
